 Dungeon Crawl Stone Soup version 0.25.1-2-g60ff931df9 (webtiles) character file.

Game seed: 3725421737842615866

55 Chiseanne the Magician (level 3, -2/24 HPs)
             Began as a Demonspawn Wizard on Oct 25, 2020.
             Slain by a centaur (3 damage)
             ... on level 3 of the Dungeon.
             The game lasted 00:03:31 (2211 turns).

Chiseanne the Magician (Demonspawn Wizard)          Turns: 2211, Time: 00:03:31

Health: -2/24      AC:  3    Str:  7    XL:     3   Next: 67%
Magic:  2/8        EV: 12    Int: 20    God:
Gold:   96         SH:  0    Dex: 13    Spells: 3/9 levels left

rFire    + . .     SeeInvis .   l - +3 dagger (flame)
rCold    . . .     Gourm    .   (no shield)
rNeg     . . .     Faith    .   a - +0 robe
rPois    .         Spirit   .   g - +0 helmet
rElec    .         Reflect  .   (no cloak)
rCorr    .         Harm     .   (no gloves)
MR       .....                  (no boots)
Stlth    ++........             (no amulet)
HPRegen  0.08/turn              (no ring)
MPRegen  0.11/turn              (no ring)

@: no status effects
A: thin skeletal structure 1, fire resistance 1
a: no special abilities


You were on level 3 of the Dungeon.
You were not hungry.

You visited 1 branch of the dungeon, and saw 3 of its levels.

You collected 96 gold pieces.

Inventory:

Hand Weapons
 f - a +1 dagger of venom
 l - a +3 dagger of flaming (weapon)
Missiles
 c - 89 stones (quivered)
 e - 5 boomerangs
 h - 10 poisoned darts
 k - 9 sling bullets
Armour
 a - a +0 robe (worn)
 g - a +0 helmet (worn)
Jewellery
 b - an uncursed ring of magical power {unknown}
 n - an uncursed ring of flight {unknown}
Potions
 j - a potion of lignification {unknown}
Comestibles
 d - 5 rations
 i - a chunk of flesh


   Skills:
 - Level 1.7 Dodging
 - Level 1.7 Stealth
 * Level 3.8 Spellcasting
 * Level 2.6 Conjurations
   Level 1.0 Summonings
 - Level 0.8 Translocations


You had 3 spell levels left.
You knew the following spells:

 Your Spells              Type           Power        Failure   Level  Hunger
a - Magic Dart            Conj           ##..         4%          1    None
b - Blink                 Tloc           N/A          14%         2    ##.....
d - Mephitic Cloud        Conj/Pois/Air  #.......     28%         3    ###....

Your spell library contained the following spells:

 Spells                   Type           Power        Failure   Level  Hunger
 Call Imp                 Summ           #.......     13%         2    ##.....
 Slow                     Hex            #.......     21%         2    ##.....
 Conjure Flame            Conj/Fire      #.......     22%         3    ###....


Dungeon Overview and Level Annotations

Branches:
Dungeon (3/15)

Altars:
Yredelemnul


Innate Abilities, Weirdness & Mutations

You have a somewhat thin skeletal structure. (Dex +2, Stealth)
Your flesh is heat resistant. (rF+)


Message History

Aiming: Magic Dart (safe; 4% risk of failure)
Press: ? - help, Shift-Dir - straight line, f/p - centaur
Aim: a centaur, quivering 16 arrows (heavily wounded)
The magic dart hits the centaur.
The centaur is severely wounded.
The centaur closely misses you. The centaur barely misses you.
The hobgoblin hits you.
You hit the centaur. You burn the centaur.
The centaur is almost dead.
The centaur closely misses you. The hobgoblin hits you.
You hit the centaur but do no damage.
The centaur is almost dead.
The centaur completely misses you. The centaur hits you.
* * * LOW HITPOINT WARNING * * *
The hobgoblin hits you.
* * * LOW HITPOINT WARNING * * *
You closely miss the centaur.
The centaur is almost dead.
The centaur hits you.
You die...

#..##........# #..#
........# #####..#
#.......#
......###.....#.#
##......#.....#.#
#.........(...#.#
.##...............##
......<...<...#.#g.##..#
.#######.###.##.@c......
............#####..#?.#
#######.######## .# ...
#.# ...... ..
####.###.##...... ..
................. ..
........รทรท....... .
.................
.................


You could see a centaur and a hobgoblin.

Vanquished Creatures
  2 oozes
  3 dart slugs (D:2)
  2 leopard geckos
  4 giant cockroaches
  4 goblins (D:2)
  3 hobgoblins
  A ball python (D:2)
  8 bats
  2 frilled lizards
  4 kobolds
  5 rats
38 creatures vanquished.

Notes
Turn   | Place    | Note
-------+----------+-------------------------------------------
     0 | D:1      | Chiseanne the Demonspawn Wizard began the quest for the
                  | Orb.
     0 | D:1      | Reached XP level 1. HP: 13/13 MP: 4/4
   250 | D:1      | Gained mutation: Your flesh is heat resistant. (rF+)
                  | [demonic ancestry]
   250 | D:1      | Reached XP level 2. HP: 10/19 MP: 0/6
  1266 | D:2      | Gained mutation: You have a somewhat thin skeletal
                  | structure. (Dex +2, Stealth) [demonic ancestry]
  1266 | D:2      | Reached XP level 3. HP: 24/24 MP: 5/8
  1313 | D:2      | Learned a level 2 spell: Blink
  1317 | D:2      | Learned a level 3 spell: Mephitic Cloud
  2009 | D:2      | Found a basalt altar of Yredelemnul.
  2201 | D:3      | Noticed a centaur
  2210 | D:3      | HP: 1/24 [hobgoblin (2)]
  2211 | D:3      | Slain by a centaur

Illustrated notes

Levels and vault maps discovered:
D:1:      minmay_arrival_wavy_path, layout_loops_ring, minmay_pentomino_z4
D:2:      layout_loops_ring, overflow_temple_1_default, st_stairs_8
D:3:      layout_basic, okawaru_trees_1, first_ration,
          chequers_ecumenical_altar_grove, minmay_three_crescents, uniq_terence

Skill      XL: |  1  2 |
---------------+-------+-----
Conjurations   | 2 |  2.6
Dodging        | |  1.7
Stealth        | |  1.7
Spellcasting   | |  3.8
Summonings     | |  1.0
Translocations | |  0.8

Action                   || total
-------------------------++-------
Melee: Unarmed           ||     9
       Dagger            ||    24
 Cast: Magic Dart        ||    97
  Use: Scroll            ||     4
  Eat: Chunk             ||     4
Armor: Robe              ||    16
Dodge: Dodged            ||    31
